 Seeded DCSS version 0.30-a0-341-g682706514a (webtiles) character file.

Game seed: 6343297186996179794 (custom seed)

553 koil the Trooper (level 7, 0/74 HPs)
             Began as an Ogre Cinder Acolyte on Nov 2, 2022.
             Was a High Priest of Ignis.
             Slain by a water moccasin (8 damage)
             ... on level 5 of the Dungeon.
             The game lasted 00:07:17 (2734 turns).

koil the Trooper (Ogre Cinder Acolyte)              Turns: 2734, Time: 00:07:18

Health: 0/74       AC:  3    Str: 19    XL:     7   Next: 29%
Magic:  3/11       EV:  9    Int: 22    God:    Ignis [*****.]
Gold:   145        SH:  0    Dex:  4    Spells: 6/12 levels left

rFire   + . .      SeeInvis .    o - +11 rapier of Loybyuf {flame, rPois rC+ Int+5}
rCold   + . .      Faith    .    (no shield)
rNeg    . . .      Spirit   .    b - +0 robe
rPois   +          Reflect  .    (helmet restricted)
rElec   .          Harm     .    (no cloak)
rCorr   .          Rampage  .    (gloves unavailable)
Will    +....                    (boots unavailable)
Stlth   +.........               (no amulet)
HPRegen 0.32/turn                j - ring of willpower
MPRegen 0.12/turn                (no ring)

@: no status effects
A: large, unfitting armour, tough skin 1
a: Renounce Religion, Fiery Armour, Foxfire Swarm, Rising Flame


You were on level 5 of the Dungeon.
You worshipped Ignis.
Ignis was extremely pleased with you.
You visited 1 branch of the dungeon, and saw 4 of its levels.

You collected 145 gold pieces.

Inventory:

Hand Weapons
 a - a -1 hand axe of flaming
 o - the +11 rapier of Loybyuf (weapon) {flame, rPois rC+ Int+5}
   (You found it on level 3 of the Dungeon)

   It burns those it strikes, dealing additional fire damage.
   Int:       It affects your intelligence (+5).
   rC:        It protects you from cold.
   rPois:     It protects you from poison.
 p - a +0 dagger of draining
Armour
 b - a +0 robe (worn)
 g - an orb of energy
 s - a +0 robe
Magical Staves
 n - a staff of cold
Jewellery
 j - a ring of willpower (left hand)
 k - a ring of fire
 r - a ring of magical power
Wands
 m - a wand of paralysis (9)
Scrolls
 e - 2 scrolls of identify {unknown}
 f - 2 scrolls of teleportation {unknown}
 l - 2 scrolls of vulnerability {unknown}
 q - a scroll of fear {unknown}
 t - a scroll of immolation {unknown}
 u - a scroll of noise {unknown}
Potions
 c - 2 potions of lignification {unknown}
 d - a potion of brilliance {unknown}
 h - a potion of might {unknown}
 i - a potion of attraction {unknown}


   Skills:
 + Level 5.7 Fighting
 + Level 2.1 Short Blades
 - Level 3.0 Axes
 + Level 2.1 Dodging
 + Level 2.0 Stealth
 + Level 3.1 Spellcasting
 + Level 3.7 Fire Magic
 + Level 2.2 Poison Magic


You had 6 spell levels left.
You knew the following spells:

 Your Spells              Type           Power      Damage    Failure   Level
a - Scorch                Fire           38%        2d7       4%          2
b - Olgreb's Toxic Radia  Pois           13%        N/A       43%         4

Your spell library contained the following spells:

 Spells                   Type           Power      Damage    Failure   Level
 Summon Guardian Golem    Hex/Summ       3%         N/A       36%         3
 Orb of Destruction       Conj           1%         9d5       100%        7
 Ozocubu's Refrigeration  Ice            1%         4d7       100%        7
 Spellforged Servitor     Conj/Summ      1%         N/A       100%        7
 Ignition                 Fire           9%         3d5       100%        8


Dungeon Overview and Level Annotations

Branches:
Dungeon (3/15)

Altars:

Annotations:
D:3 1 runed translucent door, Crazy Yiuf


Innate Abilities, Weirdness & Mutations

You are too large for most types of armour.
You have tough skin. (AC +1)


Message History

You puncture the howler monkey! You burn the howler monkey.
You kill the howler monkey!
A water moccasin comes into view.
You are too injured to fight recklessly!
Casting: Scorch (safe; 4% risk of failure)
Confirm with . or Enter, or press ? or * to list all spells.
Flames lash the water moccasin.
The water moccasin is lightly wounded.
The water moccasin's fire resistance burns away.
You are too injured to fight recklessly!
You closely miss the water moccasin.
The water moccasin is lightly wounded.
The water moccasin bites you.
You barely miss the water moccasin.
The water moccasin is lightly wounded.
The water moccasin is no longer more vulnerable to fire.
The water moccasin bites you. x2
You closely miss the water moccasin.
The water moccasin is lightly wounded.
The water moccasin bites you!
* * * LOW HITPOINT WARNING * * *
You closely miss the water moccasin.
The water moccasin is lightly wounded.
The water moccasin closely misses you. The water moccasin bites you.
* * * LOW HITPOINT WARNING * * *
You puncture the water moccasin! You burn the water moccasin.
The water moccasin is severely wounded.
The water moccasin bites you.
* * * LOW HITPOINT WARNING * * *
An orc comes into view. It is wielding a +0 dagger.
The orc shouts!
You hit the water moccasin. You burn the water moccasin.
The water moccasin is almost dead.
The water moccasin bites you.
* * * LOW HITPOINT WARNING * * *
The water moccasin barely misses you.
You closely miss the water moccasin.
The water moccasin is severely wounded.
The water moccasin bites you!
You die...

# #####...# #.
##.).)...# #..
#?.###...# #..#
##.## #.# ...#..#
# # # #.#.## .# #
.##.#..)#####.#.##
........##........
...o.....@S†......
###...............
#..###..........
#.. #..........
#.# ##......... #.
.#........
#.#.##.#.## #.#.#
.#.# #...# .. #


You could see a water moccasin and an orc.

Vanquished Creatures
  Grinder (D:3)
  A black bear (D:5)
  A howler monkey (D:5)
  An orc priest (D:5)
  An iguana (D:5)
  2 adders (D:3)
  3 fire bats (D:3)
  11 orcs
  2 spectral bats (D:3)
  4 ball pythons
  3 bat skeletons (D:3)
  A bat zombie (D:3)
  3 endoplasms
  A giant cockroach (D:1)
  4 hobgoblins
  3 quokkas
  15 bats
  A bat simulacrum (D:3)
  6 frilled lizards
  4 goblins
  3 kobolds
  4 rats
75 creatures vanquished.

Vanquished Creatures (others)
  2 plants
2 creatures vanquished.

Grand Total: 77 creatures vanquished

Notes
Turn   | Place    | Note
-------+----------+-------------------------------------------
     0 | D:1      | koil the Ogre Cinder Acolyte began the quest for the Orb.
     0 | D:1      | Reached XP level 1. HP: 24/24 MP: 2/2
   372 | D:1      | Reached XP level 2. HP: 31/32 MP: 3/3
   375 | D:1      | Learned a level 2 spell: Scorch
  1129 | D:2      | Reached XP level 3. HP: 40/40 MP: 5/5
  1842 | D:3      | Noticed Grinder
  1864 | D:3      | Found a faded altar of an unknown god.
  1864 | D:3      | Identified the +11 rapier of Loybyuf {flame, rPois rC+
                  | Int+5}
  1884 | D:3      | Killed Grinder
  1885 | D:3      | Reached skill level 5 in Fighting
  1885 | D:3      | Reached skill level 1 in Short Blades
  1885 | D:3      | Reached skill level 1 in Dodging
  1885 | D:3      | Reached skill level 1 in Stealth
  1885 | D:3      | Reached skill level 1 in Poison Magic
  1885 | D:3      | Reached XP level 4. HP: 19/50 MP: 4/7
  1885 | D:3      | Reached XP level 5. HP: 21/57 MP: 4/8
  1885 | D:3      | Reached XP level 6. HP: 25/66 MP: 4/9
  1890 | D:3      | Learned a level 4 spell: Olgreb's Toxic Radiance
  2223 | D:3      | Found a runed translucent door.
  2224 | D:3      | Noticed Crazy Yiuf
  2547 | D:3      | You fall into a shaft and drop 2 floors!
  2547 | D:5      | Entered Level 5 of the Dungeon
  2622 | D:5      | Noticed a black bear
  2695 | D:5      | Killed a black bear
  2696 | D:5      | Reached XP level 7. HP: 31/72 MP: 4/11
  2734 | D:5      | Slain by a water moccasin

Illustrated notes

Levels and vault maps discovered:
D:1:      dpeg_arrival_rooms_c, layout_loops_ring
D:2:      layout_basic
D:3:      layout_basic, ebering_ecumenical_altar_mist, serial_forest,
          infiniplex_forest_lined_4_way, infiniplex_forest_clump_long,
          infiniplex_forest_clump_curved, infiniplex_forest_clump_medium,
          infiniplex_forest_lined_1, infiniplex_forest_clump_small,
          infiniplex_forest_lined_room_, infiniplex_forest_clump_double,
          goddamned_bats, uniq_pargi, uniq_grinder, uniq_jessica,
          uniq_crazy_yiuf_cottage
D:5:      kennysheep_kobold_camp, layout_rooms, lemuel_zombie_altar_yredelemnul,
          serial_curves, eino_curves_02, eino_curves_02, uniq_prince_ribbit1,
          uniq_menkaure

Skill      XL: |  1  2  3  4  5  6 |
---------------+-------------------+-----
Fighting       | 5 |  5.7
Short Blades   | 1 2 |  2.1
Dodging        | 1 2 |  2.1
Stealth        | 1 2 |  2.0
Spellcasting   | 2 3 |  3.1
Fire Magic     | 3 |  3.7
Poison Magic   | 1 2 |  2.2
Axes           | |  3.0

Action                   |  1- 3 |  4- 6 |  7- 9 || total
-------------------------+-------+-------+-------++-------
Melee: Hand axe          |   119 |       |       ||   119
       Rapier            |     6 |    64 |     9 ||    79
       Punch             |       |     1 |       ||     1
 Cast: Scorch            |     3 |    13 |     3 ||    19
Armor: Robe              |    50 |    29 |     1 ||    80
Dodge: Dodged            |    79 |    63 |     2 ||   144

Table legend: (Time is in decaauts)
 A = Elapsed time spent in this place.
 B = Non-inter-level travel time spent in this place.
 C = Inter-level travel time spent in this place.
 D = Time resting spent in this place.
 E = Time spent auto-exploring this place.
 F = Levels seen in this place.
 G = Mean time per level.
                   A        B        C        D        E       F      G
               +--------+--------+--------+--------+--------+-----+--------+
         Total |   2760 |   2741 |     19 |    159 |   1999 |   4 |  690.0 |
       Dungeon |   2760 |   2741 |     19 |    159 |   1999 |   4 |  690.0 |
               +--------+--------+--------+--------+--------+-----+--------+

Top non-repeatable levels by time:
     D:3: 1075 daAuts
     D:2: 885 daAuts
     D:1: 611 daAuts
     D:5: 189 daAuts
